 Dungeon Crawl Stone Soup version 0.29-a0-598-gd8304a5bf4 (webtiles) character file.

Game seed: 13804877408647798041

9467 greasedhog the Cleaver (level 11, 0/97 HPs)
             Began as a Purple Draconian Berserker on June 16, 2022.
             Was an Elder of Trog.
             Killed from afar by Fannar (23 damage)
             ... with a bolt of cold
             ... on level 10 of the Dungeon.
             The game lasted 00:15:49 (10016 turns).

greasedhog the Cleaver (DrBe)                      Turns: 10016, Time: 00:15:50

Health: 0/97       AC: 20    Str: 24    XL:     11   Next: 23%
Magic:  11/11      EV: 15    Int:  8    God:    Trog [****..]
Gold:   391        SH:  0    Dex: 10    Spells: 10/10 levels left

rFire   . . .      SeeInvis .   L - +3 battleaxe (protect)
rCold   . . .      Faith    .   (shield currently unavailable)
rNeg    . . .      Spirit   .   (body armour unavailable)
rPois   .          Reflect  .   l - +1 hat
rElec   .          Harm     .   s - +1 cloak
rCorr   .          Rampage  .   F - +2 pair of gloves
Will    +++..                   (no boots)
Stlth   +.........              (no amulet)
HPRegen 1.26/turn               N - ring of flight
MPRegen 0.12/turn               (no ring)

@: strong-willed, under a protective aura, on berserk cooldown, flying,
regenerating, slowed, very slow
A: breathe power, AC +7, unfitting armour, cold-blooded
a: Breathe Dispelling Energy, Renounce Religion, Berserk, Trog's Hand, Brothers
in Arms


You were on level 10 of the Dungeon.
You worshipped Trog.
Trog was greatly pleased with you.
You visited 2 branches of the dungeon, and saw 11 of its levels.
You also visited: Ossuary.

You collected 607 gold pieces.
You spent 216 gold pieces at shops.

Inventory:

Hand Weapons
 n - a +6 spectral club
 L - a +3 battleaxe of protection (weapon)
Armour
 l - a +1 hat (worn)
 s - a +1 cloak (worn)
 F - a +2 pair of gloves (worn)
Jewellery
 A - a ring of fire
 N - a ring of flight (left hand)
Wands
 z - a wand of acid (8)
 D - a wand of digging (7)
 G - a wand of iceblast (8)
Scrolls
 d - 2 scrolls of poison
 g - a scroll of vulnerability
 h - 5 scrolls of fear
 i - 2 scrolls of silence
 j - a scroll of magic mapping
 k - a scroll of torment
 m - 2 scrolls of teleportation
 o - 3 scrolls of immolation
 r - a scroll of brand weapon
 y - 2 scrolls of enchant armour
 C - a scroll of blinking
 E - 2 scrolls of enchant weapon
 I - a scroll of fog
 K - a scroll of acquirement {unknown}
Potions
 a - a potion of berserk rage {unknown}
 b - 3 potions of attraction {unknown}
 c - 7 potions of curing
 f - 2 potions of might {unknown}
 p - 7 potions of brilliance {unknown}
 q - a potion of ambrosia
 t - 2 potions of flight {unknown}
 u - 3 potions of mutation {unknown}
 v - 3 potions of invisibility
 w - 3 potions of heal wounds {unknown}
 x - 4 potions of resistance {unknown}
 B - a potion of cancellation {unknown}
 H - a potion of degeneration {unknown}
 J - 3 potions of lignification {unknown}
 M - 2 potions of haste {unknown}


   Skills:
 * Level 9.4 Fighting
 * Level 12.4 Axes
 * Level 9.1 Dodging
 - Level 1.1 Stealth
 * Level 3.6 Evocations


You had 10 spell levels left.
You didn't know any spells.
Your spell library was empty.

Dungeon Overview and Level Annotations

Branches:
Dungeon (10/15)            Temple (1/1) D:7         Ossuary (visited)
   Lair: D:8-11         Orc: D:9-12

Altars:
Cheibriados
Gozag
Hepliaklqana
Makhleb
Okawaru
Ru
Sif Muna
Trog
Wu Jian
Zin

Shops:
D:1 [=[*?   D:4 [   D:5 ?   D:6 (   D:7 :   D:10 [

Annotations:
D:5 2 transporters, SirDiesAlot's ghost, novice OgGl
D:8 2 transporters, happo123's ghost, novice TrTm
D:10 Fannar


Innate Abilities, Weirdness & Mutations

You can breathe bolts of dispelling energy.
Your rich purple scales are hard. (AC +7)
You cannot fit into any form of body armour.
You are cold-blooded and may be slowed by cold attacks.


Message History

Fannar closely misses you.
Unknown command.
You slash Fannar!
Fannar is heavily wounded.
Fannar mumbles some strange words.
Fannar drains the heat from the surrounding environment!
Unknown command.
You closely miss Fannar.
Your tail-slap misses Fannar.
Fannar is heavily wounded.
Fannar casts a spell.
Fannar drains the heat from the surrounding environment!
You slice Fannar!!
Fannar is almost dead.
Fannar mumbles some strange words.
You miss Fannar.
Fannar is almost dead.
You feel yourself speed up.
You are no longer berserk.
You are exhausted.
You feel yourself slow down.
Fannar casts a spell.
Fannar drains the heat from the surrounding environment!
* * * LOW HITPOINT WARNING * * *
You feel as though you will be slow longer.
You hit Fannar.
Your tail-slap misses Fannar.
Fannar is almost dead.
You slash the ice beast!
Fannar hits you with a +0 quarterstaff of freezing.
* * * LOW HITPOINT WARNING * * *
Fannar freezes you.
* * * LOW HITPOINT WARNING * * *
The ice beast barely misses you. Fannar closely misses you.
You closely miss Fannar.
Fannar is almost dead.
You slice the ice beast!!
You kill the ice beast!
The ice beast disappears in a puff of smoke!
Fannar mumbles some strange words.
Fannar points at you and mumbles some strange words.
The bolt of cold hits you!!
You die...

#.# #.# # #.# #.
#.####### #..
#.......#
#.(.#############.#
#....8....[)......#
#...#...).#########
#.....)@§Y.8#
###.#.)e)...#
.......∩....#
......#.......#
.....#.8...>..#
...............#
....#..#.....8.#
.... .. ......$


You could see Fannar and an ice beast (summoned).

Vanquished Creatures
  Erica (D:10)
  2 two-headed ogres
  Urug (D:10)
  A guardian serpent (shapeshifter) (D:9)
  A troll (D:7)
  A wraith (D:10)
  A steam dragon (D:9)
  A wyvern (D:9)
  13 yaks
  Edmund (D:5)
  4 vampire mosquitoes (D:10)
  Menkaure (D:5)
  A water moccasin (D:7)
  2 ice beasts
  Duvessa (D:5)
  3 sky beasts
  A black bear (D:5)
  2 orc warriors
  2 ogres
  4 centaurs
  A kobold brigand (D:9)
  2 scorpions (D:6)
  A bullfrog (D:5)
  2 water moccasin zombies (Ossuary)
  13 wights
  Dowan (D:5)
  3 killer bees (D:7)
  3 howler monkeys (D:9)
  5 hounds
  A gnoll shaman (D:8)
  An orc priest (D:8)
  3 jellies
  2 iguanas
  Jessica (D:2)
  Natasha (D:4)
  5 orc wizards
  2 mummies (Ossuary)
  4 gnolls (D:8)
  8 adders
  A shadow imp (D:7)
  A white imp (D:7)
  An ufetubus (D:5)
  5 adder zombies (Ossuary)
  2 worms (D:4)
  3 dart slugs
  27 orcs
  6 ball pythons
  6 endoplasms
  4 giant cockroaches
  3 gnoll zombies (Ossuary)
  5 hobgoblins
  5 jackals
  18 kobolds
  4 quokkas
  2 bats (D:1)
  3 frilled lizards
  10 goblins
  2 hobgoblin zombies (Ossuary)
  4 kobold zombies (Ossuary)
  3 orc zombies (Ossuary)
  6 rats
224 creatures vanquished.

Notes
Turn   | Place    | Note
-------+----------+-------------------------------------------
     0 | D:1      | greasedhog the Draconian Berserker began the quest for the
                  | Orb.
     0 | D:1      | Reached XP level 1. HP: 19/19 MP: 1/1
   149 | D:1      | Found Qyra Loe's General Store.
   151 | D:1      | Found Haagrud's Magic Scroll Shop.
   274 | D:1      | Found Xokhuas's Jewellery Emporium.
   338 | D:1      | Found Isio's Armour Boutique.
   378 | D:1      | Reached XP level 2. HP: 26/26 MP: 2/2
   389 | D:1      | Reached skill level 1 in Stealth
   563 | D:1      | Reached XP level 3. HP: 25/31 MP: 3/3
   615 | D:1      | Found Xeant's Armour Emporium.
   651 | D:1      | Reached ** piety under Trog
   840 | D:2      | Reached skill level 4 in Axes
  1066 | D:2      | Noticed Jessica
  1079 | D:2      | Killed Jessica
  1080 | D:2      | Reached XP level 4. HP: 7/38 MP: 4/4
  1877 | D:3      | Reached skill level 5 in Axes
  2082 | D:3      | Found a faded altar of an unknown god.
  2292 | D:3      | Found an opulent altar of Gozag.
  2659 | D:3      | Reached XP level 5. HP: 45/45 MP: 5/5
  3236 | D:4      | Reached skill level 6 in Axes
  3468 | D:4      | Noticed Natasha
  3472 | D:4      | Killed Natasha
  3473 | D:4      | Reached XP level 6. HP: 51/51 MP: 6/6
  3493 | D:4      | Found Ozavoi's Antique Armour Shoppe.
  3498 | D:4      | Bought a runed hat for 168 gold pieces
  3762 | D:5      | Entered Level 5 of the Dungeon
  3772 | D:4      | Reached skill level 7 in Axes
  4011 | D:5      | Your scales start taking on a rich purple colour.
  4011 | D:5      | Reached XP level 7. HP: 40/57 MP: 7/7
  4125 | D:5      | Noticed Duvessa
  4126 | D:5      | Noticed Dowan
  4141 | D:5      | Killed Duvessa
  4142 | D:5      | Reached skill level 8 in Axes
  4143 | D:5      | Killed Dowan
  4289 | D:5      | Found an iron altar of Okawaru.
  4311 | D:5      | Noticed Edmund
  4325 | D:5      | Killed Edmund
  4469 | D:5      | Found Nuologuq's Magic Scroll Shop.
  4472 | D:5      | Bought a scroll of identify for 24 gold pieces
  4472 | D:5      | Bought a scroll of identify for 24 gold pieces
  4539 | D:5      | Noticed SirDiesAlot's ghost (novice OgGl)
  4563 | D:5      | Found a transporter.
  4566 | D:5      | Found a transporter.
  4641 | D:5      | Found an ornate altar of the Wu Jian Council.
  4641 | D:5      | Noticed Menkaure
  4649 | D:5      | Killed Menkaure
  4650 | D:5      | Reached skill level 9 in Axes
  4814 | D:5      | Found a hazy altar of Hepliaklqana.
  4815 | D:5      | Found a faded altar of an unknown god.
  4894 | D:6      | Reached XP level 8. HP: 63/63 MP: 8/8
  5385 | D:6      | Found Zusudghug's Antique Weapon Emporium.
  5390 | D:6      | Reached skill level 5 in Dodging
  5905 | D:7      | Found Qoschaaza's Book Shop.
  5921 | D:7      | Reached *** piety under Trog
  5974 | D:7      | Found a shimmering blue altar of Sif Muna.
  6064 | D:7      | Found a staircase to the Ecumenical Temple.
  6076 | Temple   | Entered the Ecumenical Temple
  6086 | D:7      | Noticed a troll
  6098 | D:7      | Killed a troll
  6099 | D:7      | Reached skill level 10 in Axes
  6313 | D:7      | Reached XP level 9. HP: 52/72 MP: 9/9
  6988 | D:7      | Reached skill level 5 in Fighting
  7166 | D:8      | Found a sand-covered staircase.
  7183 | Ossuary  | Entered an ossuary
  7287 | Ossuary  | Reached **** piety under Trog
  7519 | D:8      | Found a sacrificial altar of Ru.
  7633 | D:8      | Found a transporter.
  7634 | D:8      | Noticed happo123's ghost (novice TrTm)
  7646 | D:8      | Found a transporter.
  8135 | D:9      | Reached skill level 11 in Axes
  8398 | D:9      | Noticed a troll
  8399 | D:9      | Noticed a guardian serpent
  8399 | D:9      | a troll changed into a guardian serpent
  8419 | D:9      | Killed a guardian serpent
  8420 | D:9      | Reached XP level 10. HP: 32/86 MP: 10/10
  8788 | D:9      | Noticed a two-headed ogre
  8796 | D:9      | Killed a two-headed ogre
  9157 | D:10     | Entered Level 10 of the Dungeon
  9419 | D:10     | Reached skill level 12 in Axes
  9425 | D:10     | Reached skill level 1 in Evocations
  9573 | D:10     | Noticed Urug
  9585 | D:10     | Killed Urug
  9586 | D:10     | Reached XP level 11. HP: 97/97 MP: 11/11
  9840 | D:10     | Found Seijie's Antique Armour Shoppe.
  9840 | D:10     | Noticed Erica
  9840 | D:10     | Noticed a two-headed ogre
  9848 | D:10     | Killed a two-headed ogre
  9857 | D:10     | Killed Erica
  9860 | D:10     | Noticed Fannar
 10016 | D:10     | Killed from afar by Fannar

Illustrated notes

Levels and vault maps discovered:
D:1:      psy_arrival_terrarium, layout_basic, serial_shops, shop,
          nicolae_shop_advertising_works [nicolae_subvault_shop_adworks],
          nicolae_shop_waterfront, nicolae_shop_waterfront, shop_fountains,
          st_stairs_1, minmay_nonomino_d4
D:2:      layout_basic, serial_forest, infiniplex_forest_clump_small,
          infiniplex_forest_lined_1, infiniplex_forest_lined_3_way,
          infiniplex_forest_clump_tiny, infiniplex_forest_lined_room_2,
          infiniplex_forest_clump_diagonal, infiniplex_forest_end_3,
          infiniplex_forest_corner_1, infiniplex_forest_clump_medium,
          infiniplex_forest_straight_2, uniq_jessica
D:3:      layout_basic, nicolae_gozag_cash_rules_everything_around_me,
          shapermc_ecumenical_altar_venn, dk_noncrumbling_2,
          grunt_decor_arrowhead
D:4:      layout_loops_corners, serial_shops, nicolae_shop_trees, st_stairs_4,
          uniq_natasha
D:5:      layout_rooms, nzn_wu_jian_council_hall,
          beargit_hepliaklqana_dungeon_heroes,
          mainiacjoe_overflow_cross_hatched, gammafunk_ghost_hive, serial_shops,
          kennysheep_mini, hangedman_decor_riveting, minivault_4, uniq_menkaure,
          uniq_duvessa
D:6:      layout_gridville, serial_shops, nicolae_shop_stone
D:7:      layout_gridville, lemuel_blue_sif_altar, minmay_temple_entry_arrows,
          serial_shops, shop
D:8:      layout_rooms, lemuel_tele_altar, gammafunk_ghost_smash,
          enter_ossuary_1
D:9:      layout_irregular_city, enter_bailey_5
D:10:     cheibrodos_breeding_chamber, layout_basic, nicolae_stop_n_shop_1,
          uniq_fannar, uniq_erica, uniq_urug
Temple:   eino_temple_rhombus

Skill      XL: |  1  2  3  4  5  6  7  8  9 10 11 |
---------------+----------------------------------+-----
Stealth        | 1 |  1.1
Dodging        | 3 4 5 7 8 9 |  9.1
Axes           | 4 5 6 7 9 10 11 12 | 12.4
Fighting       | 4 7 9 |  9.4
Evocations     | 2 3 |  3.6

Action                   |  1- 3 |  4- 6 |  7- 9 | 10-12 || total
-------------------------+-------+-------+-------+-------++-------
Melee: Hand axe          |   118 |     3 |       |       ||   121
       Tailslap          |    12 |    12 |    28 |    12 ||    64
       Punch             |     2 |     1 |       |       ||     3
       Club              |       |    94 |   206 |       ||   300
       Battleaxe         |       |       |    43 |   145 ||   188
Throw: Throwing net      |       |       |       |     2 ||     2
Invok: Berserk           |     1 |     1 |     6 |     5 ||    13
       Trog's Hand       |       |       |     2 |     3 ||     5
 Abil: Breathe Dispellin |       |       |     3 |       ||     3
  Use: Scroll            |     1 |     7 |     7 |     3 ||    18
 Stab: Sleeping          |       |     1 |     1 |       ||     2
       Distracted        |       |       |     4 |     1 ||     5
       Held in net/web   |       |       |       |     1 ||     1
Armor: Skin              |    45 |    40 |    99 |    75 ||   259
Dodge: Dodged            |    84 |    50 |   151 |    99 ||   384

Table legend: (Time is in decaauts)
 A = Elapsed time spent in this place.
 B = Non-inter-level travel time spent in this place.
 C = Inter-level travel time spent in this place.
 D = Time resting spent in this place.
 E = Time spent auto-exploring this place.
 F = Levels seen in this place.
 G = Mean time per level.
                   A        B        C        D        E       F      G
               +--------+--------+--------+--------+--------+-----+--------+
         Total |  10185 |   9976 |    209 |    535 |   7790 |  12 |  848.8 |
       Dungeon |  10022 |   9813 |    209 |    535 |   7711 |  10 | 1002.2 |
        Temple |      1 |      1 |      0 |      0 |      0 |   1 |    1.0 |
       Ossuary |    161 |    161 |      0 |      0 |     79 |   1 |  161.0 |
               +--------+--------+--------+--------+--------+-----+--------+

Top non-repeatable levels by time:
     D:9: 1420 daAuts
     D:4: 1291 daAuts
     D:7: 1216 daAuts
     D:2: 1028 daAuts
     D:6: 1025 daAuts
     D:5: 902 daAuts
     D:3: 884 daAuts
     D:1: 836 daAuts
    D:10: 740 daAuts
     D:8: 675 daAuts
 Ossuary: 161 daAuts
  Temple: 1 daAuts
